 Dungeon Crawl Stone Soup version 0.23.0-3-gf3c87f2 (webtiles) character file.

Game seed: 9232442004286120713

32 misha the Poker (level 3, -3/28 HPs)
             Began as a Merfolk Gladiator on Feb 22, 2019.
             Slain by an iguana (7 damage)
             ... on level 2 of the Dungeon.
             The game lasted 00:04:25 (1904 turns).

misha the Poker (Merfolk Gladiator)                 Turns: 1904, Time: 00:04:26

Health: -3/28      AC:  4    Str: 15    XL:     3   Next: 27%
Magic:  3/3        EV: 14    Int:  7    God:
Gold:   96         SH:  0    Dex: 15    Spells: 2/2 levels left

rFire    . . .     SeeInvis .   b - +1 dagger (venom)
rCold    . . .     Gourm    .   (no shield)
rNeg     . . .     Faith    .   q - +0 leather armour
rPois    .         Spirit   .   c - +0 helmet
rElec    .         Reflect  .   (no cloak)
rCorr    .         Harm     .   (no gloves)
MR       .....                  (no boots)
Stlth    ..........             (no amulet)
HPRegen  0.09/turn              e - ring of attention (curse)
MPRegen  0.08/turn              (no ring)

@: no status effects
A: change form in water, swift swim, stealthy swim
a: no special abilities


You were on level 2 of the Dungeon.
You were not hungry.

You visited 1 branch of the dungeon, and saw 2 of its levels.

You collected 96 gold pieces.

Inventory:

Hand Weapons
 a - a +0 trident
 b - a +1 dagger of venom (weapon)
Missiles
 d - 3 throwing nets (quivered)
 f - 20 bolts
 g - 78 stones
 h - 33 sling bullets
 p - 3 curare-tipped needles
 s - 12 arrows
Armour
 c - a +0 helmet (worn)
 q - a +0 leather armour (worn)
Jewellery
 e - a cursed ring of attention (left hand)
Scrolls
 j - 3 scrolls of remove curse {unknown}
 k - a scroll of magic mapping {unknown}
 m - a scroll of amnesia {unknown}
 o - a scroll of identify {unknown}
 r - 3 scrolls of teleportation {unknown}
 t - a scroll of blinking {unknown}
Potions
 i - 2 potions of curing {unknown}
 l - 2 potions of brilliance {unknown}
 n - a potion of degeneration {unknown}
 u - a potion of agility {unknown}
 v - a potion of lignification {unknown}


   Skills:
 + Level 2.3 Fighting
 + Level 5.2 Polearms
 + Level 2.0 Throwing
 + Level 0.6 Armour
 - Level 4.5 Dodging


You had 2 spell levels left.
You didn't know any spells.
Your spell library was empty.

Dungeon Overview and Level Annotations

Branches:
Dungeon (2/15)

Altars:


Message History

The bat misses you. The iguana bites you!
You barely miss the iguana. The bat barely misses you.
The iguana closely misses you.
You hit the iguana but do no damage.
The iguana is poisoned.
The bat misses you. The bat barely misses you. The iguana bites you.
You barely miss the iguana.
The iguana is lightly wounded.
The bat barely misses you. The iguana barely misses you.
You hit the iguana.
The iguana is moderately wounded.
The bat closely misses you. The iguana closely misses you.
You hit the iguana but do no damage.
The iguana looks as sick as possible!
The iguana is moderately wounded.
The bat hits you but does no damage. The bat barely misses you.
The iguana bites you!
* * * LOW HITPOINT WARNING * * *
You hit the iguana but do no damage.
The iguana looks as sick as possible!
The iguana is heavily wounded.
The bat hits you but does no damage. The iguana bites you!
You die...

##### #...########
#######...#......#######
#......@.........'......
#.####(l8........#######
#b8_8...?...#
#....8........#
#.............#
#....#...######
#....##### .....#


You could see an iguana and a bat.

Vanquished Creatures
  2 leopard geckos
  An orc (D:2)
  4 giant cockroaches
  3 goblins
  3 jackals (D:1)
  A quokka (D:2)
  A ball python (D:1)
  6 bats
  2 frilled lizards
  6 kobolds (D:1)
29 creatures vanquished.

Notes
Turn   | Place    | Note
-------+----------+-------------------------------------------
     0 | D:1      | misha the Merfolk Gladiator began the quest for the Orb.
     0 | D:1      | Reached XP level 1. HP: 16/16 MP: 1/1
   150 | D:1      | Reached XP level 2. HP: 3/22 MP: 2/2
   961 | D:1      | Reached skill level 5 in Polearms
  1539 | D:2      | Reached XP level 3. HP: 17/27 MP: 3/3
  1890 | D:2      | Found a faded altar of an unknown god.
  1904 | D:2      | Slain by an iguana

Skill      XL: |  1  2 |
---------------+-------+-----
Polearms       | 5 |  5.2
Fighting       | |  2.3
Throwing       | |  2.0
Armour         | |  0.6
Dodging        | |  4.5

Action                   || total
-------------------------++-------
Melee: Trident           ||    98
       Dagger            ||    24
  Eat: Ration            ||     1
Armor: Leather armour    ||    43
Dodge: Dodged            ||   110
